 Dungeon Crawl Stone Soup version 0.29.1-12-g30fa7ad0bf (webtiles) character file.

Game seed: 2774735224271372489

48 Peloso the Shield-Bearer (level 3, -3/33 HPs)
             Began as a Minotaur Fighter on Dec 30, 2022.
             Slain by Terence
             ... wielding a +5 short sword of freezing
              (6 damage)
             ... on level 2 of the Dungeon.
             The game lasted 00:03:06 (1679 turns).

Peloso the Shield-Bearer (Minotaur Fighter)         Turns: 1679, Time: 00:03:07

Health: -3/33      AC:  8    Str: 20    XL:     3   Next: 50%
Magic:  2/2        EV:  9    Int:  5    God:
Gold:   44         SH:  4    Dex: 11    Spells: 2/2 levels left

rFire   . . .      SeeInvis .   a - +0 long sword
rCold   . . .      Faith    .   d - +0 buckler
rNeg    . . .      Spirit   .   b - +0 scale mail
rPois   .          Reflect  .   (helmet restricted)
rElec   .          Harm     .   (no cloak)
rCorr   .          Rampage  .   g - +0 pair of gloves
Will    .....                   (no boots)
Stlth   ..........              (no amulet)
HPRegen 0.11/turn               (no ring)
MPRegen 0.08/turn               (no ring)

@: no status effects
A: horns 2, retaliatory headbutt
a: no special abilities


You were on level 2 of the Dungeon.
You visited 1 branch of the dungeon, and saw 2 of its levels.

You collected 44 gold pieces.

Inventory:

Hand Weapons
 a - a +0 long sword (weapon)
Armour
 b - a +0 scale mail (worn)
 d - a +0 buckler (worn)
 g - a +0 pair of gloves (worn)
Scrolls
 c - 2 scrolls of summoning {unknown}
 e - a scroll of teleportation {unknown}
 f - 2 scrolls of enchant armour {unknown}
 h - 2 scrolls of identify {unknown}
 i - a scroll of fear {unknown}
 l - a scroll of butterflies {unknown}
 n - a scroll of enchant weapon {unknown}
Potions
 j - a potion of lignification {unknown}
 k - 3 potions of haste
 m - a potion of brilliance {unknown}
 o - a potion of might


   Skills:
 + Level 4.1 Fighting
 + Level 3.3 Long Blades
 + Level 3.9 Armour
 + Level 0.1 Dodging
 + Level 4.3 Shields


You had 2 spell levels left.
You didn't know any spells.
Your spell library was empty.

Dungeon Overview and Level Annotations

Branches:
Dungeon (2/15)

Altars:

Annotations:
D:2 Terence


Innate Abilities, Weirdness & Mutations

You have a pair of horns on your head.
You reflexively headbutt those who attack you in melee.


Message History

You kill the endoplasm!
Found a robe.
A kobold comes into view. It is wielding a +0 whip.
The kobold shouts!
You hear a shout!
Terence the Incautious comes into view.
He is wielding a +5 short sword of freezing.
There are monsters nearby!
You hit the kobold but do no damage. You headbutt the kobold.
The kobold is heavily wounded.
The kobold closely misses you. You furiously retaliate!
You headbutt the kobold!
You kill the kobold!
Terence drinks a potion.
Terence seems to speed up.
You closely miss Terence. Terence closely misses you.
You block Terence's attack.
You hit Terence. Your headbutt misses Terence.
Terence is lightly wounded.
Terence hits you with a +5 short sword of freezing.
Terence freezes you.
You closely miss Terence.
Terence is lightly wounded.
Terence hits you with a +5 short sword of freezing!
Terence freezes you.
Terence hits you with a +5 short sword of freezing!
* * * LOW HITPOINT WARNING * * *
Terence freezes you.
* * * LOW HITPOINT WARNING * * *
Okay, then.
Terence hits you with a +5 short sword of freezing.
* * * LOW HITPOINT WARNING * * *
Terence freezes you.
* * * LOW HITPOINT WARNING * * *
Terence closely misses you. You block Terence's attack.
Terence closely misses you. You block Terence's attack.
Terence asks, "Do you want it fast or slow?"
Terence hits you but does no damage. Terence attacks as you move away!
You block Terence's attack.
Terence hits you with a +5 short sword of freezing.
You die...

#.##.. #.....
#.##.# ##†###
#..#.# #.# ##.#.#
#.#
#.#.##########.###
#................#
#.#.##########.#.#
#@#......# #.#.#
#@#....#.# #.#.# #
#.###.####...#
#.#.#
#.#.........#..###
#.#.#
.#.#####.##.##....#
#.#.#
.........##.###.#.#
#.#.# .......†###.#
#.#.# #.#.#
........+ #.#
#.#.###.#.#
........# #.#
#[#...#.#..
.......<# #.#
#.###.#.#..


You could see Terence (fast).

Vanquished Creatures
  4 dart slugs
  3 ball pythons
  5 endoplasms
  A giant cockroach (D:2)
  5 goblins (D:1)
  2 hobgoblins (D:1)
  3 quokkas
  2 bats (D:1)
  A frilled lizard (D:1)
  6 kobolds
  4 rats
36 creatures vanquished.

Vanquished Creatures (others)
  4 fungi (D:1)
  A plant (D:1)
5 creatures vanquished.

Grand Total: 41 creatures vanquished

Notes
Turn   | Place    | Note
-------+----------+-------------------------------------------
     0 | D:1      | Peloso the Minotaur Fighter began the quest for the Orb.
     0 | D:1      | Reached XP level 1. HP: 19/19 MP: 0/0
   221 | D:1      | Reached XP level 2. HP: 24/27 MP: 1/1
   779 | D:1      | Reached XP level 3. HP: 33/33 MP: 2/2
  1034 | D:1      | Found a faded altar of an unknown god.
  1664 | D:2      | Noticed Terence
  1679 | D:2      | Slain by Terence

Illustrated notes

Levels and vault maps discovered:
D:1:      moated_graveyard_arrival, layout_loops_ring,
          shapermc_ecumenical_altar_ellora, st_stairs_2
D:2:      layout_basic, uniq_terence

Skill      XL: |  1  2  3 |
---------------+----------+-----
Shields        | 4 |  4.3
Long Blades    | 3 |  3.3
Fighting       | 4 |  4.1
Armour         | |  3.9
Dodging        | |  0.1

Action                   || total
-------------------------++-------
Melee: Long sword        ||    93
       Headbutt          ||    14
Armor: Scale mail        ||    48
Dodge: Dodged            ||    39
Block: Buckler           ||    20
